 Dungeon Crawl Stone Soup version 0.32-a0-411-g744942f433 (webtiles) character file.

Game seed: 17453692746800999566

2 Sobieck the Slasher (level 1, 0/16 HPs)
             Began as a Coglin Gladiator on Feb 20, 2024.
             Slain by a frilled lizard (2 damage)
             ... on level 1 of the Dungeon.
             The game lasted 00:00:30 (18 turns).

Sobieck the Slasher (Coglin Gladiator)                Turns: 18, Time: 00:00:31

Health: 0/16       AC:  4    Str: 14    XL:     1   Next: 30%
Magic:  1/1        EV: 12    Int:  7    God:
Gold:   0          SH:  0    Dex: 15    Spells: 0/0 levels left

rFire   . . .        a - +0 long sword {Cipactli}
rCold   . . .        (no shield)
rNeg    . . .        b - +0 leather armour
rPois   .            c - +0 helmet
rElec   .            (no cloak)
rCorr   .            (no gloves)
SInv    .            (no boots)
Will    .....        (no amulet)
Stlth   +            (no ring)
HPRegen 0.22/turn    (no ring)
MPRegen 0.07/turn

%: no passive effects
@: immotile, revved
A: off-hand wielding, slow wielding, warmup strikes, legs shutdown
a: no special abilities


You were on level 1 of the Dungeon.
You visited 1 branch of the dungeon, and saw 1 of its levels.

Inventory:

Hand Weapons
 a - a +0 long sword (weapon) {Cipactli}
Missiles
 v - a javelin (quivered)
 Z - 3 throwing nets
Armour
 b - a +0 leather armour (worn)
 c - a +0 helmet (worn)


   Skills:
 + Level 2.0 Fighting
 * Level 3.0 Long Blades
 - Level 1.7 Throwing
 + Level 2.7 Dodging


You couldn't memorise any spells.
You didn't know any spells.
Your spell library was empty.

Dungeon Overview and Level Annotations

Branches:
Dungeon (1/15)

Altars:


Innate Abilities, Weirdness & Mutations

You can wield a second weapon in your off-hand.
It takes a long time for you to wield or remove held weapons.
Your first few attacks do less damage.
Attacking and casting redirects power from your legs.


Message History

Unknown command.
You barely miss the jackal. The jackal misses you.
The jackal closely misses you. The jackal misses you.
The jackal barely misses you. The frilled lizard closely misses you.
The jackal closely misses you.
You hit the jackal but do no damage.
The jackal splashes around in the water.
The jackal misses you. The jackal completely misses you.
The frilled lizard bites you but does no damage.
The jackal misses you. The jackal bites you.
* * * LOW HITPOINT WARNING * * *
Unknown command.
You closely miss the jackal. The jackal closely misses you.
The jackal barely misses you. The jackal bites you.
* * * LOW HITPOINT WARNING * * *
The frilled lizard barely misses you. The jackal closely misses you.
The jackal bites you but does no damage. x2
The frilled lizard misses you.
You hit the jackal.
The jackal is moderately wounded.
The jackal misses you.
The jackal bites you but does no damage.
The jackal bites you.
* * * LOW HITPOINT WARNING * * *
The jackal bites you.
* * * LOW HITPOINT WARNING * * *
The frilled lizard closely misses you. The jackal closely misses you.
The jackal bites you.
* * * LOW HITPOINT WARNING * * *
Unknown command.
You miss the jackal.
The jackal is moderately wounded.
The jackal bites you but does no damage.
The jackal barely misses you.
The jackal bites you but does no damage.
The frilled lizard closely misses you. The jackal misses you.
You closely miss the jackal.
The jackal is moderately wounded.
The jackal completely misses you.
The jackal bites you but does no damage.
The frilled lizard misses you. The jackal barely misses you. x2
The jackal splashes around in the water.
Unknown command.
You hit the jackal.
You kill the jackal!
The jackal barely misses you. x2; The frilled lizard closely misses you.
The jackal misses you.
The jackal splashes around in the water.
The frilled lizard bites you.
You die...

#. ####.
.##....
#####~...~#####
#≈≈~~.....~≈≈≈#
#≈≈~.......~≈≈#
#≈~.........≈~#
#~...........~#
#.....~lhh....#
#....~..@~....#
#....~.<.~....#
#....~...~....#
#.....~~~.....#
#~...........~#
#≈~.........~~#
#~≈~.......≈≈≈#
#~≈~~.....≈~≈≈#
.####~...≈#####


You could see 2 jackals and a frilled lizard.

Vanquished Creatures
  2 jackals (D:1)
2 creatures vanquished.

Notes
Turn   | Place    | Note
-------+----------+-------------------------------------------
     0 | D:1      | Sobieck the Coglin Gladiator began the quest for the Orb.
     0 | D:1      | Reached XP level 1. HP: 16/16 MP: 1/1
    18 | D:1      | Slain by a frilled lizard

Illustrated notes

Levels and vault maps discovered:
D:1:      enne_arrival_octagon_isle, layout_loops_ring,
          chequers_serial_rivers_micro_c

Action                     || total
---------------------------++-------
  Melee: Long sword        ||    12
 Armour: Leather armour    ||    20
  Dodge: Dodged            ||    35

Table legend: (Time is in decaauts)
 A = Elapsed time spent in this place.
 B = Non-inter-level travel time spent in this place.
 C = Inter-level travel time spent in this place.
 D = Time resting spent in this place.
 E = Time spent auto-exploring this place.
 F = Levels seen in this place.
 G = Mean time per level.
                   A        B        C        D        E       F      G
               +--------+--------+--------+--------+--------+-----+--------+
         Total |     20 |     20 |      0 |      0 |      1 |   1 |   20.0 |
       Dungeon |     20 |     20 |      0 |      0 |      1 |   1 |   20.0 |
               +--------+--------+--------+--------+--------+-----+--------+

Top non-repeatable levels by time:
     D:1: 20 daAuts
